 Dungeon Crawl Stone Soup version 0.31-a0-1104-g3bd3108e02 (webtiles) character file.

Game seed: 13045933403497110092

740 Descartes the Geomancer (level 8, -2/52 HPs)
             Began as a Formicid Earth Elementalist on Dec 2, 2023.
             Was an Initiate of Gozag.
             Slain by a gnoll sergeant
             ... wielding a +0 trident of protection
              (5 damage)
             ... on level 5 of the Dungeon.
             The game lasted 00:07:42 (4011 turns).

Descartes the Geomancer (FoEE)                      Turns: 4011, Time: 00:07:43

Health: -2/52      AC:  6    Str: 15    XL:     8   Next: 5%
Magic:  7/15       EV:  9    Int: 15    God:    Gozag
Gold:   101        SH:  0    Dex: 14    Spells: 13/17 levels left

rFire   . . .        g - +0 sling
rCold   . . .        (no shield)
rNeg    . . .        m - +0 scale mail
rPois   .            (helmet unavailable)
rElec   .            (no cloak)
rCorr   .            (no gloves)
SInv    +            (no boots)
Will    .....        (no amulet)
Stlth   +            f - +4 ring of slaying
HPRegen 0.28/turn    (no ring)
MPRegen 0.14/turn

%: no passive effects
@: no status effects
A: permanent stasis, dig shafts and tunnels, antennae 3, four strong arms
a: Dig, Shaft Self, Renounce Religion, Potion Petition, Call Merchant, Bribe
Branch


You were on level 5 of the Dungeon.
You worshipped Gozag.
Gozag was aware of your devotion.
You visited 2 branches of the dungeon, and saw 6 of its levels.

You collected 171 gold pieces.
You paid 70 gold pieces to Gozag.

Inventory:

Hand Weapons
 g - a +0 sling (weapon)
Missiles
 z - 3 boomerangs
Armour
 a - a +0 robe
 m - a +0 scale mail (worn)
Jewellery
 f - a +4 ring of slaying (left hand)
Wands
 q - a wand of flame (19)
 x - a wand of quicksilver (1)
 B - a wand of polymorph (7)
Scrolls
 d - 3 scrolls of vulnerability
 i - 3 scrolls of teleportation
 j - a scroll of fear {unknown}
 p - a scroll of enchant weapon {unknown}
 s - a scroll of fog {unknown}
 t - a scroll of enchant armour {unknown}
 u - 2 scrolls of revelation {unknown}
 v - a scroll of amnesia {unknown}
 y - 2 scrolls of blinking {unknown}
 A - a scroll of noise {unknown}
Potions
 b - 2 potions of magic
 c - 2 potions of invisibility
 h - 5 potions of curing
 k - a potion of brilliance {unknown}
 l - a potion of heal wounds {unknown}
 n - a potion of mutation {unknown}
 o - 2 potions of might
 r - a potion of haste {unknown}
 w - a potion of attraction {unknown}


   Skills:
 - Level 1.7 Dodging
 - Level 2.4 Stealth
 - Level 5.0 Spellcasting
 - Level 1.1 Transmutations
 + Level 9.1 Earth Magic


You had 13 spell levels left.
You knew the following spells:

 Your Spells              Type           Power      Damage    Failure   Level
a - Sandblast             Erth           62%        2d14      1%          1
b - Stone Arrow           Conj/Erth      34%        3d9       30%         3

Your spell library contained the following spells:

 Spells                   Type           Power      Damage    Failure   Level
 Passwall                 Tmut/Erth      15%        N/A       13%         2
 Wereblood                Tmut           7%         N/A       54%         2
 Petrify                  Tmut/Erth      19%        N/A       63%         4
 Ensorcelled Hibernation  Hex/Ice        6%         N/A       71%         2
 Jinxbite                 Hex            6%         N/A       71%         2
 Sublimation of Blood     Necr           3%         N/A       71%         2
 Brom's Barrelling Bould  Conj/Erth      17%        2d4       71%         4
 Anguish                  Hex/Necr       1%         N/A       100%        4
 Summon Hydra             Summ           1%         N/A       100%        7


Dungeon Overview and Level Annotations

Branches:
Dungeon (5/15)             Temple (1/1) D:5

Altars:
Ashenzari
Cheibriados
Dithmenos
Fedhas
Gozag
Kikubaaqudgha
Makhleb
Nemelex Xobeh
Okawaru
Qazlal
Uskayaw
Wu Jian
Xom
Yredelemnul
The Shining One

Annotations:
D:3 2 transporters, jotaen's ghost, amateur MiFi
D:4 Dowan; Duvessa


Innate Abilities, Weirdness & Mutations

You cannot be hasted, slowed, berserked, paralysed or teleported.
You can dig through walls and to a lower floor.
You have a pair of large antennae on your head. (SInv)
Your four strong arms can wield two-handed weapons with a shield.


Message History

Confirm with . or Enter, or press ? or * to list all spells.
Aiming: Sandblast (safe; 1% risk of failure)
Press: ? - help, Shift-Dir - straight line, f/p - gnoll sergeant
Aim: a gnoll sergeant, wielding a +0 trident of protection and wearing a +0 scale mail (lightly wounded, 88% to hit)
The blast of sand hits the gnoll sergeant but does no damage.
The gnoll sergeant is lightly wounded.
The gnoll sergeant hits you from afar with a +0 trident of protection!
Casting: Sandblast (safe; 1% risk of failure)
Confirm with . or Enter, or press ? or * to list all spells.
Aiming: Sandblast (safe; 1% risk of failure)
Press: ? - help, Shift-Dir - straight line, f/p - gnoll sergeant
Aim: a gnoll sergeant, wielding a +0 trident of protection and wearing a +0 scale mail (lightly wounded, 88% to hit)
The blast of sand misses the gnoll sergeant.
The blast of sand misses the gnoll.
The gnoll sergeant hits you from afar with a +0 trident of protection. x2
* * * LOW HITPOINT WARNING * * *
Casting: Sandblast (safe; 1% risk of failure)
Confirm with . or Enter, or press ? or * to list all spells.
Aiming: Sandblast (safe; 1% risk of failure)
Press: ? - help, Shift-Dir - straight line, f/p - gnoll sergeant
Aim: a gnoll sergeant, wielding a +0 trident of protection and wearing a +0 scale mail (lightly wounded, 88% to hit)
The blast of sand hits the gnoll sergeant!
The gnoll sergeant is heavily wounded.
The gnoll sergeant is distracted by your dazzling golden aura.
Casting: Sandblast (safe; 1% risk of failure)
Confirm with . or Enter, or press ? or * to list all spells.
Aiming: Sandblast (safe; 1% risk of failure)
Press: ? - help, Shift-Dir - straight line, f/p - gnoll sergeant
Aim: a gnoll sergeant, wielding a +0 trident of protection and wearing a +0 scale mail (heavily wounded, unaware, hasn't noticed you, 88% to hit)
The blast of sand hits the gnoll sergeant but does no damage.
The gnoll sergeant is heavily wounded.
The gnoll sergeant is no longer distracted by gold.
The gnoll sergeant hits you from afar with a +0 trident of protection!
* * * LOW HITPOINT WARNING * * *
The gnoll sergeant hits you from afar with a +0 trident of protection!
* * * LOW HITPOINT WARNING * * *
The gnoll sergeant attacks as it pursues you!
The gnoll sergeant hits you from afar with a +0 trident of protection.
You die...
Your body crumbles into a pile of gold.

##### ...# ..#
#.# #.###
#...######
###.#...)..#
##........#.# #
##.@######.#.##
# #..## #.#..#
### #g## #.##.#
#.' #.#
#.##.####.# #.#
#.##...##.# .${
#.####.>..#
#...$ ##.###
#.[.#. #.#
......., #.#


You could see a gnoll sergeant.

Vanquished Creatures
  Sigmund (D:3)
  Menkaure (D:4)
  Blork the orc (D:5)
  2 scorpions
  An orc priest (D:5)
  A jelly (D:5)
  An iguana (D:4)
  A sleepcap (D:4)
  4 gnolls
  5 adders
  2 worms
  11 orcs
  4 bats
  9 endoplasms
  3 giant cockroaches
  A goblin (D:1)
  5 hobgoblins
  4 jackals
  A quokka (D:1)
  2 ball pythons
  3 frilled lizards
  2 kobolds (D:2)
  A rat (D:3)
66 creatures vanquished.

Notes
Turn   | Place    | Note
-------+----------+-------------------------------------------
     0 | D:1      | Descartes the Formicid Earth Elementalist began the quest
                  | for the Orb.
     0 | D:1      | Reached XP level 1. HP: 13/13 MP: 3/3
   237 | D:1      | Reached XP level 2. HP: 19/19 MP: 2/5
   285 | D:1      | Reached skill level 4 in Earth Magic
   340 | D:1      | Reached XP level 3. HP: 20/24 MP: 4/7
   971 | D:2      | Reached XP level 4. HP: 30/30 MP: 8/8
  1566 | D:3      | Found a transporter.
  1567 | D:3      | Found a transporter.
  1567 | D:3      | Noticed jotaen's ghost (amateur MiFi)
  1568 | D:3      | Noticed an ogre
  1569 | D:3      | Noticed an ogre
  1595 | D:3      | Reached skill level 5 in Earth Magic
  1680 | D:3      | Noticed Sigmund
  1687 | D:3      | Killed Sigmund
  1688 | D:3      | Reached skill level 6 in Earth Magic
  1688 | D:3      | Reached XP level 5. HP: 17/35 MP: 7/12
  1688 | D:3      | Reached XP level 6. HP: 20/41 MP: 7/13
  2408 | D:4      | Noticed Duvessa
  2410 | D:4      | Noticed Dowan
  2828 | D:4      | Noticed Menkaure
  2844 | D:4      | Killed Menkaure
  2845 | D:4      | Reached skill level 5 in Spellcasting
  2845 | D:4      | Reached skill level 7 in Earth Magic
  2845 | D:4      | Reached XP level 7. HP: 40/46 MP: 14/14
  3581 | D:5      | Entered Level 5 of the Dungeon
  3608 | D:5      | Reached skill level 8 in Earth Magic
  3846 | D:5      | Noticed Blork the orc
  3854 | D:5      | Killed Blork the orc
  3860 | D:5      | Reached skill level 9 in Earth Magic
  3860 | D:5      | Reached XP level 8. HP: 46/52 MP: 15/15
  3880 | D:5      | Found a staircase to the Ecumenical Temple.
  3890 | Temple   | Entered the Ecumenical Temple
  3901 | Temple   | Became a worshipper of Gozag Ym Sagoz the Greedy
  3988 | D:5      | Learned a level 3 spell: Stone Arrow
  4009 | D:5      | HP: 2/52 [gnoll sergeant/+0 trident of protection (7)]
  4011 | D:5      | Slain by a gnoll sergeant

Illustrated notes

Levels and vault maps discovered:
D:1:      minmay_arrival_hallway, layout_loops_ring
D:2:      layout_basic
D:3:      layout_loops_ring, gammafunk_ghost_smash, kennysheep_generic_room_6,
          uniq_sigmund
D:4:      layout_basic, uniq_menkaure, uniq_duvessa
D:5:      layout_basic, general_overflow_altar, nicolae_vehumet_radiance,
          minmay_temple_entry_wispy, uniq_blork_the_orc
Temple:   hellmonk_temple_of_storms

Skill      XL: |  1  2  3  4  5  6  7 |
---------------+----------------------+-----
Earth Magic    | 4 6 7 9 |  9.1
Spellcasting   | 3 4 5 |  5.0
Dodging        | |  1.7
Stealth        | |  2.4
Transmutations | |  1.1

Action                     |  1- 3 |  4- 6 |  7- 9 || total
---------------------------+-------+-------+-------++-------
  Melee: Unarmed           |       |       |     8 ||     8
   Fire: Sling             |    17 |    70 |    37 ||   124
   Cast: Sandblast         |    20 |    31 |    29 ||    80
  Evoke: Wand              |       |       |     1 ||     1
    Use: Scroll            |       |       |     5 ||     5
 Armour: Robe              |     6 |     1 |       ||     7
         Scale mail        |       |    59 |    47 ||   106
         Skin              |       |       |     2 ||     2
  Dodge: Dodged            |     1 |    29 |    24 ||    54

Table legend: (Time is in decaauts)
 A = Elapsed time spent in this place.
 B = Non-inter-level travel time spent in this place.
 C = Inter-level travel time spent in this place.
 D = Time resting spent in this place.
 E = Time spent auto-exploring this place.
 F = Levels seen in this place.
 G = Mean time per level.
                   A        B        C        D        E       F      G
               +--------+--------+--------+--------+--------+-----+--------+
         Total |   4126 |   3860 |    266 |      0 |   3221 |   6 |  687.7 |
       Dungeon |   4104 |   3858 |    246 |      0 |   3221 |   5 |  820.8 |
        Temple |     22 |      2 |     20 |      0 |      0 |   1 |   22.0 |
               +--------+--------+--------+--------+--------+-----+--------+

Top non-repeatable levels by time:
     D:3: 1682 daAuts
     D:1: 807 daAuts
     D:2: 670 daAuts
     D:4: 516 daAuts
     D:5: 427 daAuts
  Temple: 22 daAuts
